 Dungeon Crawl Stone Soup version 0.30-a0-141-g30f27751c5 (webtiles) character file.

Game seed: 796498498471392982

137 qw the Chopper (level 5, -7/32 HPs)
             Began as a Gargoyle Fighter on Sept 25, 2022.
             Mangled by a gnoll
             ... wielding a +0 halberd
             ... led by a gnoll sergeant
              (10 damage)
             ... on level 3 of the Dungeon.
             The game lasted 00:00:49 (2316 turns).

qw the Chopper (Gargoyle Fighter)                   Turns: 2316, Time: 00:00:49

Health: -7/32      AC: 14    Str: 22    XL:     5   Next: 20%
Magic:  0/5        EV:  7    Int:  8    God:
Gold:   74         SH:  4    Dex:  9    Spells: 4/4 levels left

rFire   . . .      SeeInvis .    Y - +1 war axe
rCold   . . .      Faith    .    c - +0 buckler
rNeg    + . .      Spirit   +    k - +0 chain mail
rPois   inf        Reflect  .    (no helmet)
rElec   +          Harm     .    j - +0 cloak
rCorr   .          Rampage  .    (no gloves)
Will    .....                    (no boots)
Stlth   ..........               h - amulet of guardian spirit
HPRegen 0.10/turn                (no ring)
MPRegen 0.09/turn                (no ring)

@: no status effects
A: sickness immunity, AC +4, negative energy resistance 1, electricity
resistance, torment resistance 1, petrification resistance
a: no special abilities


You were on level 3 of the Dungeon.
You visited 1 branch of the dungeon, and saw 3 of its levels.

You collected 74 gold pieces.


Innate Abilities, Weirdness & Mutations

You are immune to sickness and miasma.
Your stone body is resilient. (AC +4)
You are immune to poison.
You resist negative energy. (rN+)
You are resistant to electric shocks. (rElec)
You are resistant to unholy torment.
You are immune to petrification.


   Skills:
 - Level 3.2 Fighting
 + Level 4.7 Axes
 - Level 3.2 Armour
 - Level 3.2 Shields


You had 4 spell levels left.
You didn't know any spells.
Your spell library was empty.

Inventory:

Hand Weapons
 f - a +1 morningstar of draining
 Y - a +1 war axe (weapon)
Armour
 c - a +0 buckler (worn)
 j - a +0 cloak (worn)
 k - a +0 chain mail (worn)
Jewellery
 h - an amulet of guardian spirit (around neck)
 n - a ring of ice
Scrolls
 a - a scroll of identify
Potions
 b - a potion of magic {unknown}
 d - a potion of might
 i - a potion of haste
 l - a potion of resistance
 o - a potion of attraction {unknown}
 p - a potion of curing {unknown}

Dungeon Overview and Level Annotations

Branches:
Dungeon (3/15)

Altars:
Vehumet


Message History

The quokka is moderately wounded.
You hit the gnoll. The gnoll hits you but does no damage.
You block the gnoll's attack. The gnoll sergeant closely misses you.
You block the quokka's attack.
The gnoll hits you but does no damage. x2
You block the gnoll sergeant's attack.
The gnoll hits you from afar with a +0 spear.
The quokka bites you but does no damage.
You slash the gnoll!
You kill the gnoll!
You barely miss the quokka. The quokka bites you. The gnoll barely misses you.
The gnoll sergeant hits you but does no damage.
The gnoll hits you but does no damage.
You completely miss the quokka.
The quokka is moderately wounded.
The quokka bites you but does no damage.
The gnoll barely misses you. The gnoll hits you but does no damage.
The gnoll sergeant barely misses you. The quokka barely misses you.
You slash the quokka!
You kill the quokka!
The gnoll sergeant hits you from afar with a +0 spear!
The gnoll barely misses you.
The gnoll hits you from afar with a +0 spear.
The gnoll sergeant barely misses you.
The gnoll hits you but does no damage. x2
Found 8 gold pieces.
You block the gnoll sergeant's attack. The gnoll hits you but does no damage.
The gnoll hits you with a +0 halberd.
You see here a quokka corpse.
You hit the gnoll sergeant but do no damage.
You completely miss the gnoll. You hit the gnoll.
The gnoll sergeant hits you but does no damage.
The gnoll hits you but does no damage. The gnoll hits you with a +0 spear.
You hit the gnoll.
The gnoll is heavily wounded.
You hit the gnoll sergeant but do no damage.
You slash the gnoll!
The gnoll sergeant hits you but does no damage.
The gnoll hits you with a +0 halberd!
You die...

..........
..$.....................
........................
........................
........................
#........................
#........................
#......ggg...............
#.......@)...........%...
#.......)..........###%##
#.................##.....
#..<..............#......
#.....%...........#......
#######.#.#######.'..._..
#...#....#....#......
#.######.#.####......
#.##...#.#.#..##.....


You could see a gnoll sergeant and 2 gnolls.

Vanquished Creatures
  6 adders
  2 gnolls (D:3)
  A dart slug (D:2)
  2 endoplasms (D:1)
  2 giant cockroaches
  A goblin (D:2)
  4 hobgoblins
  11 jackals
  3 quokkas
  7 ball pythons
  6 bats
  2 frilled lizards
  9 kobolds
  5 rats
61 creatures vanquished.

Vanquished Creatures (others)
  A plant (D:3)
1 creature vanquished.

Grand Total: 62 creatures vanquished

Notes
Turn   | Place    | Note
-------+----------+-------------------------------------------
     0 | D:1      | qw the Gargoyle Fighter began the quest for the Orb.
     0 | D:1      | Reached XP level 1. HP: 14/14 MP: 1/1
     0 | D:1      | 0 ||| qw: Version: 0.2-a-10-g399e6c4
     0 | D:1      | 0 ||| qw: Game counter: 319
     0 | D:1      | 0 ||| qw: Always use a shield: true
     0 | D:1      | 0 ||| qw: God list: Okawaru
     0 | D:1      | 0 ||| qw: Allow faded altars: false
     0 | D:1      | 0 ||| qw: Do Orc after D:15 true
     0 | D:1      | 0 ||| qw: Do second Lair branch before Depths: true
     0 | D:1      | 0 ||| qw: Lair rune preference: random
     0 | D:1      | 0 ||| qw: Plans: Normal, Zot:1-4, God:TSO, Crypt, Tomb,
                  | Pan, Slime:5, Hells, Abyss, Orb
     0 | D:1      | 0 ||| PLANNING D:1-11
   207 | D:1      | Reached skill level 2 in Axes
   468 | D:1      | Reached XP level 2. HP: 19/19 MP: 2/2
  1019 | D:1      | 1019 ||| Stepping ~*~*~tactically~*~*~ (stealth).
  1142 | D:1      | Found a faded altar of an unknown god.
  1208 | D:1      | 1208 ||| UPGRADING to +0 cloak.
  1213 | D:1      | 1213 ||| UPGRADING to +0 chain mail.
  1223 | D:1      | 1223 ||| DROPPING +0 scale mail.
  1224 | D:1      | 1224 ||| UPGRADING to amulet of guardian spirit.
  1229 | D:1      | 1229 ||| DROPPING ring of magical power.
  1230 | D:1      | 1230 ||| READING 4 scrolls labelled AHYERO QOAB.
  1231 | D:1      | 1231 ||| READING 2 scrolls labelled ISTYQA CYEKUEH.
  1232 | D:1      | 1232 ||| READING 3 scrolls of identify.
  1232 | D:1      | 1232 ||| IDENTIFYING murky purple potion
  1233 | D:1      | 1233 ||| READING 2 scrolls of identify.
  1233 | D:1      | 1233 ||| IDENTIFYING metallic white potion
  1234 | D:1      | 1234 ||| DROPPING scroll of immolation.
  1276 | D:2      | Reached skill level 3 in Axes
  1276 | D:2      | Reached XP level 3. HP: 16/23 MP: 1/3
  1472 | D:2      | 1472 ||| Stepping ~*~*~tactically~*~*~ (stealth).
  1473 | D:2      | 1473 ||| Stepping ~*~*~tactically~*~*~ (stealth).
  1480 | D:2      | 1480 ||| Stepping ~*~*~tactically~*~*~ (stealth).
  1489 | D:2      | 1489 ||| FLEEEEING.
  1490 | D:2      | 1490 ||| FLEEEEING.
  1491 | D:2      | 1491 ||| FLEEEEING.
  1492 | D:2      | 1492 ||| FLEEEEING.
  1493 | D:2      | 1493 ||| FLEEEEING.
  1494 | D:2      | 1494 ||| FLEEEEING.
  1495 | D:2      | 1495 ||| FLEEEEING.
  1496 | D:2      | 1496 ||| STAIRDANCE
  1565 | D:1      | 1565 ||| DRINKING 2 pink potions.
  1566 | D:1      | 1566 ||| DROPPING potion of brilliance.
  1569 | D:2      | 1569 ||| STAIRDANCE
  1661 | D:2      | Reached XP level 4. HP: 27/28 MP: 4/4
  1672 | D:2      | Reached skill level 4 in Axes
  2133 | D:2      | 2133 ||| READING scroll labelled XAICHA NUAL.
  2134 | D:2      | 2134 ||| READING scroll labelled XALIDO PINKOB.
  2135 | D:2      | 2135 ||| READING scroll labelled MESOGAFRIMM.
  2168 | D:3      | 2168 ||| DROPPING +0 whip.
  2190 | D:3      | Found a radiant altar of Vehumet.
  2284 | D:3      | 2284 ||| Stepping ~*~*~tactically~*~*~ (stealth).
  2294 | D:3      | Reached XP level 5. HP: 32/32 MP: 5/5
  2314 | D:3      | HP: 8/32 [gnoll/+0 halberd[a gnoll sergeant] (5)]
  2315 | D:3      | HP: 3/32 [gnoll/+0 spear[a gnoll sergeant] (5)]
  2316 | D:3      | Mangled by a gnoll

Levels and vault maps discovered:
D:1:      dpeg_arrival_ternary, layout_loops_corners,
          shapermc_ecumenical_altar_mp_vishouse
D:2:      layout_rooms
D:3:      cheibrodos_old_hovel, layout_basic, nicolae_vehumet_altar_sigil,
          nicolae_ru_awakened_eye, dk_noncrumbling_2, kennysheep_generic_room_10

Skill      XL: |  1  2  3  4 |
---------------+-------------+-----
Axes           | 2 3 4 |  4.7
Fighting       | |  3.2
Armour         | |  3.2
Shields        | |  3.2

Action                   |  1- 3 |  4- 6 || total
-------------------------+-------+-------++-------
Melee: War axe           |    97 |    77 ||   174
  Use: Scroll            |     4 |     3 ||     7
       Potion            |     1 |       ||     1
Armor: Scale mail        |    25 |       ||    25
       Chain mail        |    54 |    64 ||   118
Dodge: Dodged            |    61 |    29 ||    90
Block: Buckler           |    34 |    21 ||    55

Table legend:
 A = Non-vault XP
 B = Vault XP
 C = Vault XP percentage of total XP
 D = Non-vault monster count
 E = Vault monster count
 F = Vault count percentage of total count
                 A         B        C        D         E       F
            +---------+---------+-------+---------+---------+-------
      Total |     196 |       0 |   0.0 |      61 |       0 |   0.0
            +---------+---------+-------+---------+---------+-------
        D:1 |      30 |       0 |   0.0 |      20 |       0 |   0.0
        D:2 |     109 |       0 |   0.0 |      27 |       0 |   0.0
        D:3 |      57 |       0 |   0.0 |      14 |       0 |   0.0
            +---------+---------+-------+---------+---------+-------
